 Dungeon Crawl Stone Soup version 0.27.1 (webtiles) character file.

Game seed: 16302411378428015795

5863 Gwenloh the Scholar of Death (level 10, 0/45 (50) HPs)
             Began as a Deep Elf Necromancer on Aug 26, 2021.
             Was a Follower of Kikubaaqudgha.
             Succumbed to a wight's poison
             ... on level 8 of the Dungeon.
             The game lasted 00:42:57 (12312 turns).

Gwenloh the Scholar of Death (DENe)                Turns: 12312, Time: 00:42:58

HP:   0/45 (50)     AC: 13    Str:  7    XL:     10   Next: 52%
MP:   25/25         EV: 16    Int: 22    God:    Kikubaaqudgha [*.....]
Gold: 360           SH:  0    Dex: 15    Spells: 18/28 levels left

rFire    . . .     SeeInvis .   a - +1 quarterstaff (drain)
rCold    . . .     Faith    .   (shield currently unavailable)
rNeg     . . .     Spirit   .   F - +0 steam dragon scales
rPois    .         Reflect  .   G - +2 helmet
rElec    .         Harm     .   x - +0 cloak
rCorr    .         Rampage  .   p - +2 pair of gloves {Stlth+}
Will     +....                  u - +0 pair of boots
Stlth    +++++.....             s - amulet of magic regeneration
HPRegen  0.15/turn              f - ring of wizardry
MPRegen  0.44/turn              (no ring)

@: lethally poisoned (0 -> -34), heavily drained
A: no striking features
a: Renounce Religion, Receive Corpses


You were on level 8 of the Dungeon.
You worshipped Kikubaaqudgha.
Kikubaaqudgha was aware of your devotion.
You visited 2 branches of the dungeon, and saw 9 of its levels.

You collected 360 gold pieces.

Inventory:

Hand Weapons
 a - a +1 quarterstaff of draining (weapon)
 b - the +11 hunting sling of the Land of Plenty {flame, rC+ rCorr Stlth+}
   (You found it on level 7 of the Dungeon)

   Any ammunition fired from it burns those it strikes, dealing additional fire
   damage.
   rC:        It protects you from cold.
   rCorr:     It protects you from acid and corrosion.
   Stlth:     It makes you more stealthy.
 r - a +0 dagger
Missiles
 j - 49 sling bullets
 k - 2 throwing nets
 m - 240 stones
Armour
 i - a +0 robe
 p - a +2 pair of gloves of stealth (worn)
 u - a +0 pair of boots (worn)
 x - a +0 cloak (worn)
 F - +0 steam dragon scales (worn)
 G - a +2 helmet (worn)
Jewellery
 f - a ring of wizardry (left hand)
 h - a ring of fire
 s - an amulet of magic regeneration (around neck)
 L - an amulet of the acrobat
Wands
 t - a wand of polymorph (11)
 A - a wand of iceblast (9)
 C - a wand of flame (29)
 I - a wand of acid (11) (quivered)
Scrolls
 e - 2 scrolls of enchant armour
 g - 2 scrolls of amnesia
 l - 3 scrolls of magic mapping
 n - a scroll of vulnerability
 v - a scroll of blinking
 w - 4 scrolls of teleportation
 y - a scroll of fear
 B - a scroll of enchant weapon
 E - 2 scrolls of fog
 H - a scroll of noise {unknown}
 M - a scroll of brand weapon {unknown}
Potions
 c - 2 potions of cancellation
 d - 3 potions of might
 o - a potion of resistance {unknown}
 q - 2 potions of magic {unknown}
 z - a potion of curing
 D - a potion of berserk rage {unknown}
 J - 2 potions of haste {unknown}
 K - a potion of mutation {unknown}


   Skills:
 + Level 8.9 Dodging
 + Level 9.5 Stealth
 + Level 9.7 Spellcasting
 * Level 12.6 Necromancy


You had 18 spell levels left.
You knew the following spells:

 Your Spells              Type           Power      Damage    Failure   Level
a - Pain                  Necr           100%       1d9       1%          1
b - Vampiric Draining     Necr           30%        2d10      1%          3
c - Agony                 Necr           60%        N/A       1%          5
d - Animate Skeleton      Necr           100%       N/A       1%          1

Your spell library contained the following spells:

 Spells                   Type           Power      Damage    Failure   Level
 Sublimation of Blood     Necr           30%        N/A       1%          2
 Animate Dead             Necr           30%        N/A       1%          4
 Ensorcelled Hibernation  Hex/Ice        20%        N/A       4%          2
 Slow                     Hex            10%        N/A       4%          2
 Confusing Touch          Hex            10%        N/A       8%          3
 Dazzling Flash           Conj/Hex       20%        N/A       8%          3
 Ignite Poison            Fire/Tmut/Pois 10%        N/A       8%          3
 Mephitic Cloud           Conj/Pois/Air  10%        N/A       8%          3
 Spider Form              Tmut/Pois      5%         N/A       8%          3
 Bolt of Magma            Conj/Fire/Erth 5%         4d5       52%         5
 Metabolic Englaciation   Hex/Ice        5%         N/A       52%         5
 Silence                  Hex/Air        5%         N/A       52%         5
 Invisibility             Hex            5%         N/A       97%         6
 Shadow Creatures         Summ           N/A        N/A       97%         6


Dungeon Overview and Level Annotations

Branches:
Dungeon (8/15)             Temple (1/1) D:4
   Lair: D:8-11

Altars:
Ashenzari
Dithmenos
Elyvilon
Fedhas
Gozag
Hepliaklqana
Kikubaaqudgha
Makhleb
Nemelex Xobeh
Qazlal
Ru
Sif Muna
Trog
Vehumet
Wu Jian
Xom
Yredelemnul
Zin

Shops:
D:4 ?


Message History

The wight is severely damaged.
You feel sick. The wight closely misses you.
You hit the wight.
The wight is severely damaged.
You feel sick.
The wight hits you with a +2 dagger of venom.
You feel drained.
You are more poisoned.
The wight hits you but does no damage.
You are more poisoned.
You barely miss the wight.
The wight is severely damaged.
You feel extremely sick.
The wight hits you with a +2 dagger of venom.
You feel drained.
You hit the wight but do no damage.
The wight is severely damaged.
You feel very sick. The wight closely misses you.
You hit the wight.
The wight is severely damaged.
You feel very sick.
The wight hits you with a +2 dagger of venom.
You feel drained.
You are more poisoned.
The wight hits you with a +2 dagger of venom.
You are more poisoned.
Okay, then.
You hit the wight but do no damage.
The wight is severely damaged.
* * * LOW HITPOINT WARNING * * *
You feel extremely sick.
The wight hits you with a +2 dagger of venom.
* * * LOW HITPOINT WARNING * * *
You feel drained.
You are more poisoned.
You hit the wight.
The wight is severely damaged.
You die...
Kikubaaqudgha rasps: "You have failed me!
Welcome... death!"

#..'.....#.รท.'.#'##..........
#..#.....###.###.##..........
#'##.....#.).'.#.#....#######
###..#.....###.###.####'##.....
#....#.....#_'.).####...##.....
#....#.....###.###.##...#......
######'#.....#)'.'.#......##.....
#....#.##....###.###...)..##.....
#....#..#....#(z@'.#...........).
#....#..#....##########..........
#....#..'.............#..........
#....#..#.............#..........
#....#..#.............########'##
#....#.##............))..........
.#####.#######....[...........)..
.#...........#...[####........)..
.+...........#....# #......^....


You could see a wight.

Vanquished Creatures
  A two-headed ogre (D:8)
  Pikel (D:8)
  Maggie (D:7)
  A hornet (D:8)
  6 yaks
  An acid dragon (D:8)
  3 water moccasins
  Duvessa (D:5)
  An orc warrior (D:8)
  An ice beast (D:7)
  A black bear (D:6)
  A necrophage (D:8)
  An ogre (D:5)
  A centaur (D:8)
  A kobold brigand (D:7)
  2 lemures (D:8)
  A bullfrog (D:6)
  A wyvern zombie (D:6)
  3 scorpions
  Dowan (D:5)
  5 killer bees (D:8)
  2 howler monkeys
  13 wights (D:8)
  A crimson imp (D:6)
  5 centaur zombies (D:8)
  5 hounds
  2 orc priests
  2 gnoll shamans
  A human zombie (D:8)
  A centaur skeleton (D:5)
  Jessica (D:3)
  Ijyb (D:5)
  4 iguanas
  7 orc wizards
  A killer bee zombie (D:8)
  A hound skeleton (D:5)
  9 gnolls
  6 adders
  2 white imps
  An ufetubus (D:4)
  3 worms
  3 dart slugs
  12 orcs
  6 bats
  4 endoplasms
  2 giant cockroaches
  5 goblins
  7 hobgoblins
  4 jackals (D:2)
  4 quokkas
  8 ball pythons
  3 frilled lizards
  20 kobolds
  6 rats
187 creatures vanquished.

Vanquished Creatures (collateral kills)
  A white imp (D:5)
  An adder skeleton (D:4)
  An orc (D:3)
  A goblin (D:1)
4 creatures vanquished.

Vanquished Creatures (others)
  A gnoll (D:6)
  2 fungi (D:2)
  14 plants
17 creatures vanquished.

Grand Total: 208 creatures vanquished

Notes
Turn   | Place    | Note
-------+----------+-------------------------------------------
     0 | D:1      | Gwenloh the Deep Elf Necromancer began the quest for the
                  | Orb.
     0 | D:1      | Reached XP level 1. HP: 10/10 MP: 6/6
   377 | D:1      | Reached skill level 5 in Necromancy
   432 | D:1      | Reached XP level 2. HP: 10/15 MP: 5/8
   434 | D:1      | Learned a level 1 spell: Animate Skeleton
  1880 | D:2      | Reached XP level 3. HP: 13/19 MP: 3/9
  2274 | D:2      | Learned a level 3 spell: Vampiric Draining
  2274 | D:2      | Found a faded altar of an unknown god.
  3553 | D:3      | Reached XP level 4. HP: 20/24 MP: 7/11
  3767 | D:3      | Reached skill level 6 in Necromancy
  3877 | D:3      | Reached XP level 5. HP: 27/28 MP: 5/13
  4048 | D:3      | Noticed Jessica
  4051 | D:3      | Killed Jessica
  4193 | D:3      | Learned a level 5 spell: Agony
  4617 | D:3      | Found a hazy altar of Hepliaklqana.
  4651 | D:3      | Reached XP level 6. HP: 30/32 MP: 11/14
  5359 | D:4      | Reached skill level 7 in Necromancy
  5393 | D:4      | Found a staircase to the Ecumenical Temple.
  5403 | Temple   | Entered the Ecumenical Temple
  5814 | D:4      | Noticed an angel
  5816 | D:4      | Found a shimmering altar of Xom.
  5821 | D:4      | Found a glowing silver altar of Zin.
  5984 | D:4      | Found Voinuyro's Magic Scroll Boutique.
  6167 | D:5      | Entered Level 5 of the Dungeon
  6185 | D:5      | Noticed Ijyb
  6189 | D:5      | Killed Ijyb
  6190 | D:5      | Reached skill level 5 in Spellcasting
  6295 | D:5      | Noticed Duvessa
  6296 | D:5      | Noticed Dowan
  6350 | D:5      | Killed Duvessa
  6351 | D:5      | Reached XP level 7. HP: 33/36 MP: 4/16
  6384 | D:5      | Killed Dowan
  6385 | D:5      | Reached skill level 5 in Stealth
  6561 | D:5      | Reached skill level 5 in Dodging
  6561 | D:5      | Reached skill level 8 in Necromancy
  7468 | D:5      | Found a bloodstained altar of Trog.
  7602 | D:5      | Reached XP level 8. HP: 39/41 MP: 17/19
  8373 | D:6      | Reached skill level 9 in Necromancy
  8840 | D:6      | Found a radiant altar of Vehumet.
  8840 | D:6      | Found a burning altar of Makhleb.
  8977 | D:6      | Got the Handbook of Enchantment
  9207 | D:7      | Identified the +11 hunting sling of the Land of Plenty
                  | {flame, rC+ rCorr Stlth+}
  9260 | D:7      | Noticed Maggie
  9267 | D:7      | Killed Maggie
  9268 | D:7      | Reached skill level 10 in Necromancy
  9272 | D:7      | Reached XP level 9. HP: 45/45 MP: 12/22
 10520 | D:8      | Noticed a two-headed ogre
 10520 | D:8      | Noticed Pikel
 10646 | D:8      | Killed a two-headed ogre
 10647 | D:8      | Reached skill level 11 in Necromancy
 10993 | D:7      | Reached XP level 10. HP: 45/46 MP: 13/24
 11083 | D:8      | Killed Pikel
 11121 | D:8      | Found an ancient bone altar of Kikubaaqudgha.
 11131 | D:8      | Became a worshipper of Kikubaaqudgha
 11371 | D:8      | Reached skill level 12 in Necromancy
 12241 | D:8      | Found a basalt altar of Yredelemnul.
 12277 | D:8      | Reached * piety under Kikubaaqudgha
 12277 | D:8      | Received a gift from Kikubaaqudgha
 12312 | D:8      | Succumbed to a wight's poison

Illustrated notes

Levels and vault maps discovered:
D:1:      dpeg_arrival_water_fire, layout_basic
D:2:      layout_basic, shapermc_ecumenical_altar_mp_ritualfount
D:3:      minmay_diamond_boxcup, layout_basic, nicolae_hepliaklqana_hazy_memory,
          st_stairs_4, grunt_decor_resistance, grunt_ministairs_2,
          chequers_jeans, kennysheep_decorative_pillar, uniq_jessica
D:4:      layout_basic, grunt_temple_overflow_order_and_chaos_1,
          minmay_temple_entry_slanted, serial_shops,
          nicolae_shop_window_shopping, nicolae_zen_rock_garden
D:5:      layout_basic, old_standard_altar, uniq_ijyb, uniq_duvessa
D:6:      layout_loops_ring, grunt_temple_overflow_lords_of_destruction,
          nicolae_ossuary_entry_monument
D:7:      layout_cave_pools, uniq_maggie
D:8:      layout_gridville, lemuel_mausoleum_altar_yredelemnul,
          mainiacjoe_overflow_surrounded_room, uniq_pikel
Temple:   cyrus_temple_forest

Skill      XL: |  1  2  3  4  5  6  7  8  9 10 |
---------------+-------------------------------+-----
Necromancy     | 5 6 7 8 10 11 12 | 12.6
Stealth        | 3 4 5 7 8 9 |  9.5
Dodging        | 3 4 5 6 8 |  8.9
Spellcasting   | 4 5 6 7 8 9 |  9.7

Action                   |  1- 3 |  4- 6 |  7- 9 | 10-12 || total
-------------------------+-------+-------+-------+-------++-------
Melee: Dagger            |     8 |    52 |    14 |       ||    74
       Quarterstaff      |       |       |    19 |    99 ||   118
 Fire: Hunting sling     |       |       |    78 |    55 ||   133
Throw: Stone             |     1 |    22 |     6 |       ||    29
 Cast: Pain              |    74 |    78 |    52 |     1 ||   205
       Animate Skeleton  |     4 |     3 |     2 |       ||     9
       Vampiric Draining |     3 |    26 |    53 |    12 ||    94
       Agony             |       |       |     7 |       ||     7
Evoke: Wand              |       |       |    14 |     4 ||    18
  Use: Scroll            |     2 |     6 |     2 |     1 ||    11
       Potion            |     3 |       |       |       ||     3
 Stab: Sleeping          |       |     2 |     5 |       ||     7
Armor: Robe              |     6 |    48 |    10 |       ||    64
       Steam dragon scal |       |       |    33 |    56 ||    89
Dodge: Dodged            |    14 |    58 |    90 |   132 ||   294
